 Dungeon Crawl Stone Soup version 0.30-a0-996-ga6910c8ee8 (webtiles) character file.

Game seed: 6489780182099236885

157504 SoulCrusher669 the Warrior (level 17, -12/147 HPs)
             Began as a Demonspawn Gladiator on Apr 1, 2023.
             Was the Champion of Nemelex Xobeh.
             Mangled by a tyrant leech (21 damage)
             ... on level 2 of the Swamp on Apr 4, 2023.
             The game lasted 01:45:06 (24077 turns).

SoulCrusher669 the Warrior (Demonspawn Gladiator)  Turns: 24077, Time: 01:45:08

Health: -12/147    AC: 35    Str: 26    XL:     17   Next: 12%
Magic:  17/17      EV: 11    Int:  7    God:    Nemelex Xobeh [******]
Gold:   1182       SH: 17    Dex: 16    Spells: 16/16 levels left

rFire   + . .      SeeInvis +    e - +16 obsidian axe {drain, demonic, Mesm Drain Fly SInv}
rCold   + . .      Faith    .    a - +0 kite shield
rNeg    + + +      Spirit   .    S - +2 plate armour {rC+}
rPois   +          Reflect  +    J - +2 helmet
rElec   .          Rampage  .    O - +2 ratskin cloak {*Rats rPois rN+ Str-1 Int-1 Dex+1}
rCorr   +                        x - +0 pair of gloves
Will    +....                    (no boots) Stlth
                                 l - amulet of reflection
HPRegen 0.44/turn                h - ring of Summer {rN+++ rCorr Str+6 Int-3}
MPRegen 0.15/turn                s - +4 ring of protection

@: about to teleport, flying, mesmerised, slowed, studying Summonings,
invisible, very slow
A: hooves 2, molten scales 3, ignite blood 2, demonic magic 2
a: Renounce Religion, Draw Escape, Draw Destruction, Draw Summoning, Triple
Draw, Deal Four, Stack Five


You were on level 2 of the Swamp.
You worshipped Nemelex Xobeh.
Nemelex Xobeh was exalted by your worship.
You visited 5 branches of the dungeon, and saw 24 of its levels.
You also visited: Ossuary and Ice Cave.

You collected 3060 gold pieces.
You spent 1878 gold pieces at shops.

Inventory:

Hand Weapons
 e - the +16 obsidian axe (weapon) {drain, demonic, Mesm Drain Fly SInv}
   (You found it on level 13 of the Dungeon)

   Mesm:      Its wielder is mesmerised by any visible foes, and it cannot be
   unequipped while any foes are visible.
   SInv:      It lets you see invisible.
   Fly:       It grants you flight.
   Drain:     It drains your maximum health when unequipped.
Missiles
 L - a throwing net
 Q - 5 javelins (quivered)
Armour
 a - a +0 kite shield (worn)
 x - a +0 pair of gloves (worn)
 J - a +2 helmet (worn)
 O - the +2 ratskin cloak (worn) {*Rats rPois rN+ Str-1 Int-1 Dex+1}
   (You found it on level 2 of the Lair of Beasts)

   *Rats:     When the wearer is hurt, rats may emerge from it to assist them.
   Str:       It affects your strength (-1).
   Int:       It affects your intelligence (-1).
   Dex:       It affects your dexterity (+1).
   rPois:     It protects you from poison.
   rN:        It protects you from negative energy.
 S - a +2 plate armour of cold resistance (worn)
Jewellery
 d - a ring of ice
 f - a ring of poison resistance
 h - the ring of Summer (left hand) {rN+++ rCorr Str+6 Int-3}
   (You acquired it on level 2 of the Dungeon)

   [ring of resist corrosion]

   Str:       It affects your strength (+6).
   Int:       It affects your intelligence (-3).
   rN:        It renders you almost immune to negative energy.
   rCorr:     It protects you from acid and corrosion.
 l - an amulet of reflection (around neck)
 s - a +4 ring of protection (right hand)
 T - the ring "Dahy" {rC+ rCorr Dex+2}
   (You acquired it on level 2 of the Lair of Beasts)

   [ring of protection from cold]

   Dex:       It affects your dexterity (+2).
   rC:        It protects you from cold.
   rCorr:     It protects you from acid and corrosion.
 U - the amulet of Vitality {RegenMP++ Regen++}
   (You found it in an ice cave)

   [amulet of magic regeneration]

   It increases your rate of magic regeneration.
   Regen:     It increases your rate of health regeneration.
Wands
 b - a wand of mindburst (11)
 R - a wand of roots (10)
 W - a wand of digging (5)
 Y - a wand of flame (19)
 Z - a wand of quicksilver (15)
Scrolls
 c - 3 scrolls of fear
 j - 4 scrolls of blinking
 n - 5 scrolls of amnesia
 p - 13 scrolls of teleportation
 q - 4 scrolls of enchant weapon
 t - 2 scrolls of silence
 y - a scroll of enchant armour {unknown}
 F - 2 scrolls of torment {unknown}
 H - 2 scrolls of immolation {unknown}
 I - 3 scrolls of magic mapping
 K - 3 scrolls of butterflies {unknown}
 N - 3 scrolls of poison
 P - 2 scrolls of brand weapon
 X - 3 scrolls of fog
Potions
 i - 4 potions of haste
 k - 20 potions of curing
 m - 7 potions of berserk rage
 o - 2 potions of cancellation
 r - 2 potions of resistance
 A - 8 potions of mutation
 B - 4 potions of might
 C - 3 potions of ambrosia
 D - 3 potions of flight
 E - 7 potions of heal wounds
Miscellaneous
 v - a phial of floods
 M - a box of beasts


   Skills:
 * Level 17.0 Fighting
 + Level 11.5 Axes
 - Level 9.6 Throwing
 + Level 13.9 Armour
 - Level 9.0 Dodging
 + Level 10.8 Shields


You had 16 spell levels left.
You didn't know any spells.
Your spell library contained the following spells:

 Spells                   Type           Power      Damage    Failure   Level
 Cigotuvi's Dreadful Rot  Necr/Pois/Air  0%         N/A       100%        2
 Sublimation of Blood     Necr           0%         N/A       100%        2
 Dazzling Flash           Conj/Hex       0%         N/A       100%        3
 Ignite Poison            Fire/Tmut/Pois 0%         N/A       100%        3
 Kindle Blastsparks       Fire/Tloc/Air  0%         2d10      100%        3
 Animate Armour           Summ/Erth      0%         N/A       100%        4
 Dispel Undead            Necr           0%         3d6       100%        4
 Passage of Golubria      Tloc           0%         N/A       100%        4
 Petrify                  Tmut/Erth      0%         N/A       100%        4
 Agony                    Necr           0%         N/A       100%        5
 Borgnjor's Vile Clutch   Necr/Erth      0%         N/A       100%        5
 Freezing Cloud           Conj/Ice/Air   0%         6-21      100%        5
 Irradiate                Conj/Tmut      0%         3d11      100%        5
 Silence                  Hex/Air        0%         N/A       100%        5
 Death Channel            Necr           0%         N/A       100%        6
 Lehudib's Crystal Spear  Conj/Erth      0%         10d2      100%        8


Dungeon Overview and Level Annotations

Branches:
Dungeon (14/15)            Temple (1/1) D:7            Lair (5/5) D:10
  Swamp (2/4) Lair:2        Snake (0/4) Lair:2        Slime (0/5) Lair:5
    Orc (2/2) D:10            Elf (0/3) Orc:2        Vaults (0/5) D:14
Ossuary (visited)           IceCv (visited)

Altars:
Ashenzari
Cheibriados
Dithmenos
Fedhas
Gozag
Hepliaklqana
Kikubaaqudgha
Makhleb
Nemelex Xobeh
Okawaru
Qazlal
Ru
Sif Muna
Trog
Uskayaw
Vehumet
Wu Jian
Xom
Yredelemnul
Jiyva

Shops:
D:4 **   Orc:2 [:!:

Annotations:
D:2 Pargi


Innate Abilities, Weirdness & Mutations

You have hoof-like feet.
You are completely covered in molten scales. (AC +4, rF+)
Your demonic aura often causes spilled blood to erupt in flames.
Spells you cast may paralyse nearby enemies.


Message History

Press: ? - help, v - describe, . - travel Some shallow water.
Press: ? - help, . - travel You can't see that place.
You fade into invisibility!
Visions of slaying the swamp worm flood into your mind.
The swamp worm closely misses your river rat.
The swamp worm bites your river rat. The tyrant leech barely misses you.
Your river rat bites the swamp worm.
You block the tyrant leech's attack. The swamp worm bites your river rat!!!
Your river rat dies!
You block the tyrant leech's attack.
As you read the scroll of fear, it crumbles to dust.
You assume a fearsome visage.
The tyrant leech is unaffected.
The swamp worm is unaffected.
The tyrant leech is unaffected.
The swamp worm looks frightened!
The swamp worm is unaffected.
The tyrant leech is unaffected.
The swamp worm is unaffected.
The torpor snail resists with almost no effort.
The swamp worm looks frightened!
The moth of wrath looks frightened!
The tyrant leech looks frightened!
Visions of slaying the tyrant leech flood into your mind.
The swamp worm bites you but does no damage.
You block the tyrant leech's attack.
The swamp worm bites you but does no damage.
You block the tyrant leech's attack.
The tyrant leech bites you but does no damage.
As you read the scroll of teleportation, it crumbles to dust.
You feel strangely unstable.
Visions of slaying the tyrant leech flood into your mind.
You block the swamp worm's attack. The tyrant leech bites you!!
* * * LOW HITPOINT WARNING * * *
You block the swamp worm's attack. You block the tyrant leech's attack.
Your smoke demon misses the tyrant leech.
Your smoke demon closely misses the tyrant leech.
Your smoke demon hits the tyrant leech.
The tyrant leech closely misses you. You block the swamp worm's attack.
Your soul eater draws from the surrounding life force!
The tyrant leech bites you!!
You die...
Your body glows with a rainbow of weird colours and disappears.

.#.~..~.~~~~
........~~...
...~...~~..~.
#....~..~~~~.. ♣♣♣
#...~..♣♣~~~~.♣♣♣♣♣♣.♣♣
......♣~...~~....~....♣♣
...~~♣♣~)..~~§~...~.~~.♣
..~.♣♣....~..~~3r#§~..♣♣
.~~..♣.~~~.♣~§~3@#~~.♣♣
~~.♣~.~~§~.~.~≈www≈~♣♣
..♣♣♣~.~~§~♣~~##w##~§♣♣
~♣♣..~...~♣§~~#www#~~~♣
♣♣♣~~~.§♣♣♣~≈##=~y##≈~♣
~♣.~§~~♣♣ ♣~~#~~~w~#~~♣
♣.~~§~♣ ♣~≈##/?w##≈~♣
♣♣♣ ♣.~~~.♣
♣♣~~~#~~w#~~~♣♣♣.♣♣
♣♣†...♣♣♣~.~~##
##~~♣♣~~~~♣♣


You could see 4 tyrant leeches, a torpor snail (unable to see you), a moth of
wrath (unable to see you), 5 swamp worms, a friendly soul eater (summoned,
slow), a friendly smoke demon (summoned, slow) and a friendly hell rat (slow).

Vanquished Creatures
  The ghost of Onucvo the Cleaver, a journeyman FoFi of Okawaru (D:14)
  A white draconian (IceCv)
  4 bunyips (Swamp:1)
  A fire dragon (D:14)
  Fannar (D:10)
  5 hydras
  A ghost crab (Lair:2)
  4 vault guards (D:14)
  A catoblepas (Lair:2)
  An ogre mage (Orc:2)
  4 two-headed ogres
  3 centaur warriors
  5 alligators
  The ghost of Zdeegee the Thaumaturge, a journeyman SpEE of Vehumet (Orc:1)
  A boulder beetle (D:14)
  6 death yaks
  A tengu warrior (D:14)
  A goliath frog (Swamp:1)
  A spectral anaconda (Lair:5)
  2 swamp dragons (Swamp:1)
  2 spriggan druids
  2 wizards (D:14)
  A spectral hydra (Lair:2)
  2 necromancers (Lair:5)
  2 orc knights
  19 ugly things
  A will-o-the-wisp (Swamp:2)
  A moth of wrath (D:14)
  4 manticores
  6 orc sorcerers (Orc:2)
  A wolf spider (D:14)
  4 cyclopes
  A dire elephant zombie (Lair:5)
  17 elephants
  Maggie (D:8)
  A water nymph (D:9)
  A dire elephant skeleton (Lair:5)
  3 cane toads
  An efreet (D:11)
  An unseen horror (D:12)
  4 rime drakes
  3 kobold demonologists
  5 komodo dragons
  2 tengu conjurers (D:14)
  A komodo dragon (shapeshifter) (D:13)
  7 trolls
  A bloated husk (Swamp:2)
  3 polar bears
  3 hornets (Swamp:1)
  2 tyrant leeches
  8 blink frogs
  8 slime creatures (D:12)
  A water elemental (D:14)
  3 vampires
  3 spriggans (Swamp:1)
  16 yaks
  3 wraiths
  A wyvern (D:10)
  3 basilisks
  11 vampire mosquitoes
  A death yak simulacrum (Lair:5)
  Menkaure (D:7)
  A spectral cane toad (Lair:5)
  An acid dragon (D:14)
  A naga (Lair:2)
  6 swamp worms
  6 wargs (Orc:1)
  15 water moccasins
  A swamp drake (Swamp:2)
  16 orc warriors
  A black bear (D:7)
  A spectral blink frog (Lair:2)
  An ice beast (D:6)
  3 ogres
  10 wolves
  8 centaurs
  An elephant skeleton (Lair:5)
  A phantom (D:5)
  8 bullfrogs
  4 scorpions
  4 wights (D:9)
  3 lindwurm simulacra (IceCv)
  6 electric eels
  A howler monkey (D:12)
  4 hounds
  10 jellies
  3 komodo dragon simulacra (IceCv)
  11 orc priests
  2 gnoll boudas
  3 iguanas
  30 orc wizards
  2 centaur simulacra (D:10)
  8 mummies (Ossuary)
  21 gnolls
  7 acid dragon simulacra (IceCv)
  4 adders
  A river rat (Orc:1)
  2 shadow imps (D:6)
  15 white imps
  2 ufetubi
  3 steam dragon simulacra (IceCv)
  2 worms (D:3)
  3 dart slugs
  70 orcs
  5 bats
  3 endoplasms
  6 giant cockroaches
  6 hobgoblins
  5 jackals
  8 quokkas
  4 ball pythons
  6 frilled lizards
  2 gnoll zombies (Ossuary)
  5 goblins
  2 hobgoblin zombies (Ossuary)
  10 kobolds
  4 kobold zombies (Ossuary)
  5 rats
  A bush (Lair:3)
  A butterfly (D:7)
581 creatures vanquished.

Vanquished Creatures (collateral kills)
  2 dire elephants (Lair:5)
  A fire dragon (Lair:4)
  2 catoblepae
  2 ogre magi (Orc:2)
  6 death yaks
  A skyshark (Lair:4)
  Nergalle (Orc:1)
  2 obsidian statues
  A necromancer (Lair:5)
  An orc sorcerer (Orc:2)
  A manticore (D:14)
  A cyclops (Lair:5)
  A moth of wrath (D:14)
  A will-o-the-wisp (Swamp:2)
  7 elephants
  A black mamba (Lair:5)
  2 ice statues (IceCv)
  3 cane toads
  2 rime drakes (Lair:5)
  8 blink frogs
  A hornet (Swamp:1)
  A slime creature (D:12)
  A spriggan (Swamp:1)
  4 yaks
  A basilisk (D:14)
  A vampire mosquito (Swamp:1)
  A warg (Orc:1)
  An acid dragon (D:14)
  A water moccasin (Lair:5)
  2 orc warriors (Orc:1)
  A wolf (Lair:5)
  A killer bee (Orc:1)
  An electric eel (D:12)
  A komodo dragon simulacrum (IceCv)
  2 jellies (Lair:5)
  5 orc wizards
  2 acid dragon simulacra (IceCv)
  2 steam dragon simulacra (IceCv)
  6 orcs
  2 kobolds (D:13)
83 creatures vanquished.

Vanquished Creatures (others)
  A cyclops (D:14)
  A rime drake (IceCv)
  A troll (Orc:1)
  An orc warrior (Orc:1)
  An orc priest (Orc:1)
  2 orc wizards
  An ufetubus (D:10)
  3 orcs
  3 kobolds (D:10)
  12 foxfires (Swamp:2)
  25 fungi
  36 plants
  23 withered plants (Lair:5)
110 creatures vanquished.

Grand Total: 774 creatures vanquished

Notes
Turn   | Place    | Note
-------+----------+-------------------------------------------
     0 | D:1      | SoulCrusher669 the Demonspawn Gladiator began the quest for
                  | the Orb.
     0 | D:1      | Reached XP level 1. HP: 16/16 MP: 1/1
   282 | D:1      | Gained mutation: You have large cloven feet. [demonic
                  | ancestry]
   282 | D:1      | Reached XP level 2. HP: 14/22 MP: 2/2
   600 | D:1      | Reached skill level 1 in Armour
  1205 | D:2      | Identified a scroll of acquirement
  1206 | D:2      | Acquired the ring of Summer {rN+++ rCorr Str+6 Int-3}
  1268 | D:2      | Gained mutation: You are partially covered in molten
                  | scales. (AC +2) [demonic ancestry]
  1268 | D:2      | Reached XP level 3. HP: 25/27 MP: 3/3
  1521 | D:3      | Noticed Pargi
  1801 | D:3      | Reached XP level 4. HP: 29/34 MP: 4/4
  2049 | D:3      | Noticed a +0 dagger
  2049 | D:3      | Noticed a +0 dagger
  2051 | D:3      | Found a hide-covered altar of Uskayaw.
  2151 | D:4      | Found a shimmering blue altar of Sif Muna.
  2167 | D:4      | Noticed a water moccasin
  2176 | D:4      | Killed a water moccasin
  2177 | D:4      | Reached XP level 5. HP: 19/40 MP: 5/5
  2300 | D:4      | Reached skill level 3 in Fighting
  2325 | D:4      | Gained mutation: Spells you cast may paralyse adjacent
                  | enemies. [demonic ancestry]
  2325 | D:4      | Reached XP level 6. HP: 46/47 MP: 6/6
  2354 | D:4      | Found Jenka's General Store.
  2354 | D:4      | Found Raotoit's Specific Store.
  2613 | D:4      | Found a bloodstained altar of Trog.
  2881 | D:5      | Entered Level 5 of the Dungeon
  2939 | D:5      | Found a radiant altar of Vehumet.
  3018 | D:5      | Gained mutation: Your demonic aura sometimes causes spilled
                  | blood to erupt in flames. [demonic ancestry]
  3018 | D:5      | Reached XP level 7. HP: 43/52 MP: 7/7
  3494 | D:5      | Found an iron altar of Okawaru.
  3568 | D:5      | Reached skill level 4 in Fighting
  3654 | D:6      | Found a sand-covered staircase.
  3670 | D:6      | Gained mutation: You are mostly covered in molten scales.
                  | (AC +3) [demonic ancestry]
  3670 | D:6      | Reached XP level 8. HP: 60/60 MP: 8/8
  3679 | Ossuary  | Entered an ossuary
  3812 | Ossuary  | Reached skill level 5 in Armour
  4382 | D:6      | Found a shadowy altar of Dithmenos.
  4811 | D:6      | Reached skill level 5 in Fighting
  4811 | D:6      | Reached skill level 5 in Axes
  4811 | D:6      | Reached skill level 5 in Dodging
  4860 | D:7      | Noticed Menkaure
  4862 | D:7      | Killed Menkaure
  4887 | D:7      | Reached XP level 9. HP: 56/68 MP: 9/9
  5100 | D:7      | Found a hazy altar of Hepliaklqana.
  5362 | D:7      | Found a staircase to the Ecumenical Temple.
  5487 | Temple   | Entered the Ecumenical Temple
  5565 | Temple   | Became a worshipper of Nemelex Xobeh the Trickster
  6112 | D:8      | Noticed a troll
  6120 | D:8      | Killed a troll
  6205 | D:8      | Reached skill level 5 in Throwing
  6218 | D:8      | Noticed Maggie
  6230 | D:8      | Killed Maggie
  6713 | D:9      | Reached * piety under Nemelex Xobeh
  6882 | D:9      | Received a gift from Nemelex Xobeh
  7677 | D:9      | Noticed a two-headed ogre
  7679 | D:9      | Identified the +0 hand axe of Karma {flame, Fly rN+ Str-5
                  | Dex+3}
  7692 | D:9      | a two-headed ogre changed into a water nymph
  7692 | D:9      | Noticed a water nymph
  7697 | D:9      | Killed a water nymph
  7698 | D:9      | Reached skill level 6 in Fighting
  8081 | D:10     | Entered Level 10 of the Dungeon
  8103 | D:10     | Reached ** piety under Nemelex Xobeh
  8116 | D:10     | Noticed a polar bear
  8123 | D:11     | Noticed Fannar
  8128 | D:11     | Killed a polar bear
  8129 | D:11     | Reached XP level 10. HP: 66/76 MP: 10/10
  8157 | D:10     | Found a staircase to the Lair.
  8157 | D:10     | Noticed a two-headed ogre
  8168 | D:10     | Found a staircase to the Orcish Mines.
  8992 | D:10     | Killed Fannar
  9822 | D:10     | Killed a two-headed ogre
  9823 | D:10     | Reached skill level 7 in Fighting
 10070 | D:10     | Received a gift from Nemelex Xobeh
 10804 | D:11     | Noticed a cyclops
 10809 | D:11     | Killed a cyclops
 10810 | D:11     | Gained mutation: You are completely covered in molten
                  | scales. (AC +4, rF+) [demonic ancestry]
 10810 | D:11     | Reached XP level 11. HP: 84/84 MP: 11/11
 11404 | D:11     | Upgraded the game from 0.30-a0-972-gf3ab3527aa to
                  | 0.30-a0-996-ga6910c8ee8
 11497 | D:12     | Reached *** piety under Nemelex Xobeh
 11811 | D:13     | Found the +16 obsidian axe {drain, demonic, Mesm Drain Fly
                  | SInv}
 11943 | D:13     | Identified the staff of poison "Tichiwea" {rPois Will-
                  | Str+5 Int+3 SInv}
 12024 | D:13     | Received a gift from Nemelex Xobeh
 12107 | D:13     | Noticed a green ugly thing
 12114 | D:13     | Killed a green ugly thing
 12116 | D:13     | Noticed a sixfirhy
 12182 | D:13     | Noticed a centaur warrior
 12197 | D:13     | Killed a centaur warrior
 12198 | D:13     | Reached skill level 10 in Armour
 12830 | D:12     | Reached skill level 8 in Fighting
 13243 | D:12     | Noticed a two-headed ogre
 13248 | D:12     | Killed a two-headed ogre
 13292 | D:12     | Reached **** piety under Nemelex Xobeh
 13491 | D:12     | Noticed a two-headed ogre
 13496 | D:12     | Killed a two-headed ogre
 13497 | D:12     | Gained mutation: Your demonic aura often causes spilled
                  | blood to erupt in flames. [demonic ancestry]
 13497 | D:12     | Reached XP level 12. HP: 89/94 MP: 12/12
 13768 | Orc:1    | Entered Level 1 of the Orcish Mines
 13768 | Orc:1    | Noticed a two-headed ogre
 13774 | Orc:1    | Killed a two-headed ogre
 13787 | Orc:1    | Received a gift from Nemelex Xobeh
 13854 | Orc:1    | Noticed Nergalle
 13861 | Orc:1    | Killed Nergalle
 14013 | Orc:1    | Found a runed translucent gate.
 14013 | Orc:1    | Found a runed translucent gate.
 14013 | Orc:1    | Found a runed translucent gate.
 14015 | Orc:1    | Found an opulent altar of Gozag.
 14017 | Orc:1    | Noticed Zdeegee's ghost (journeyman SpEE)
 14082 | Orc:1    | Found a bloodstained altar of Trog.
 14768 | Orc:2    | Entered Level 2 of the Orcish Mines
 14774 | Orc:2    | Found a frozen archway.
 14863 | IceCv    | Entered an ice cave
 14996 | IceCv    | Reached skill level 9 in Fighting
 15040 | IceCv    | Noticed a white draconian
 15056 | IceCv    | Killed a white draconian
 15059 | IceCv    | Found the amulet of Vitality {RegenMP++ Regen++}
 15205 | Orc:2    | Received a gift from Nemelex Xobeh
 15216 | Orc:2    | Found a staircase to the Elven Halls.
 15565 | Orc:2    | Found Quisaz's Book Shop.
 15585 | Orc:2    | Found an ancient bone altar of Kikubaaqudgha.
 15585 | Orc:2    | Noticed an ogre mage
 15592 | Orc:2    | Killed an ogre mage
 15594 | Orc:2    | Noticed an ogre mage
 15597 | Orc:2    | Killed an ogre mage
 15606 | Orc:2    | Reached XP level 13. HP: 88/101 MP: 13/13
 15615 | Orc:2    | Found Xystumif's Book Shop.
 15629 | Orc:2    | Found a radiant altar of Vehumet.
 15687 | Orc:2    | Bought a manual of Fighting for 1040 gold pieces
 15715 | Orc:2    | Found Cipuse's Antique Armour Boutique.
 15728 | Orc:2    | Found Dory's Distillery.
 15737 | Orc:2    | Bought a potion of cancellation for 128 gold pieces
 15737 | Orc:2    | Bought a potion of flight for 48 gold pieces
 15744 | Orc:2    | Bought a runed cloak for 292 gold pieces
 15755 | Orc:2    | Bought a masterwork chain mail for 370 gold pieces
 15755 | Orc:2    | Identified the +7 chain mail of Ycla Uff {Stlth+} (You
                  | bought it in a shop on level 2 of the Orcish Mines)
 16056 | Lair:1   | Entered Level 1 of the Lair of Beasts
 16089 | Lair:1   | Received a gift from Nemelex Xobeh
 16273 | Lair:1   | Reached ***** piety under Nemelex Xobeh
 16362 | Lair:1   | Received a gift from Nemelex Xobeh
 16834 | Lair:2   | Reached skill level 10 in Fighting
 16834 | Lair:2   | Reached skill level 1 in Shields
 16850 | Lair:2   | Found a staircase to the Swamp.
 16939 | Lair:2   | Received a gift from Nemelex Xobeh
 17004 | Lair:2   | Found the +2 ratskin cloak {*Rats rPois rN+ Str-1 Int-1
                  | Dex+1}
 17375 | Lair:2   | Acquired the ring "Dahy" {rC+ rCorr Dex+2}
 17433 | Lair:2   | Reached skill level 11 in Fighting
 17579 | Lair:2   | Found a staircase to the Snake Pit.
 17951 | Lair:3   | Received a gift from Nemelex Xobeh
 18177 | Lair:3   | Reached skill level 12 in Fighting
 18214 | Lair:3   | Got Kywkah's Exposition on the Mercurial Caves
 18524 | Lair:3   | Received a gift from Nemelex Xobeh
 18798 | Lair:4   | Gained mutation: Spells you cast may paralyse nearby
                  | enemies. [demonic ancestry]
 18798 | Lair:4   | Reached XP level 14. HP: 115/115 MP: 14/14
 18799 | Lair:4   | Reached XP level 15. HP: 120/120 MP: 15/15
 18994 | Lair:4   | Reached skill level 13 in Fighting
 19066 | Lair:4   | Reached skill level 10 in Axes
 19137 | Lair:4   | Reached XP level 16. HP: 131/131 MP: 16/16
 19432 | Lair:5   | Entered Level 5 of the Lair of Beasts
 19441 | Lair:5   | Found a staircase to the Slime Pits.
 19441 | Lair:5   | Found a viscous altar of Jiyva.
 19473 | Lair:5   | Acquired a manual of Summonings
 19587 | Lair:5   | Reached ****** piety under Nemelex Xobeh
 19588 | Lair:5   | Received a gift from Nemelex Xobeh
 19615 | Lair:5   | Reached skill level 14 in Fighting
 19973 | Lair:5   | Received a gift from Nemelex Xobeh
 20033 | Lair:5   | Reached skill level 15 in Fighting
 20806 | D:14     | Received a gift from Nemelex Xobeh
 20974 | D:14     | Found a gate to the Vaults.
 20987 | D:14     | Reached skill level 10 in Shields
 21039 | D:14     | Reached skill level 16 in Fighting
 21205 | D:14     | Found a transporter.
 21324 | D:14     | Noticed Onucvo's ghost (journeyman FoFi)
 21338 | D:14     | Killed Onucvo's ghost
 21340 | D:14     | Found a transporter.
 21343 | D:14     | Identified the +2 pair of boots of the Evening {Int+3}
 21344 | D:14     | Identified the +11 hand axe of Blood-Lust {freeze, *Corrode
                  | rN++ Int+10 Dex-3}
 21673 | D:14     | Received a gift from Nemelex Xobeh
 22392 | Orc:1    | Killed Zdeegee's ghost
 22733 | Swamp:1  | Entered Level 1 of the Swamp
 23355 | Swamp:1  | Gained mutation: You have hoof-like feet. [demonic
                  | ancestry]
 23355 | Swamp:1  | Reached XP level 17. HP: 146/146 MP: 17/17
 23489 | Swamp:1  | Received a gift from Nemelex Xobeh
 23788 | Swamp:2  | Received a gift from Nemelex Xobeh
 23839 | Swamp:2  | Reached skill level 17 in Fighting
 24077 | Swamp:2  | Mangled by a tyrant leech

Illustrated notes

Levels and vault maps discovered:
D:1:      saegor_arrival_simple_c, layout_loops_corners
D:2:      minmay_general_purpose_star, layout_rooms
D:3:      layout_rooms, dancing_weapons_uskayaw, uniq_pargi
D:4:      layout_rooms, trog_butcher_becter, nicolae_sif_muna_condensation,
          nicolae_specific_store, dk_vineyard_1
D:5:      layout_rooms, nicolae_overflow_hidden_temple, fiery_altar_vehumet
D:6:      layout_gridville, grunt_dithmenos_smoke,
          nicolae_ossuary_entry_monument
D:7:      layout_loops_corners, lemuel_crystal_altar,
          minmay_temple_entry_butterflies, uniq_menkaure
D:8:      layout_loops_ring, uniq_maggie
D:9:      layout_grid_maze
D:10:     layout_basic, lair_entry_dummy, david_orc_5, serial_ice, serial_ice_a,
          serial_ice_i, serial_ice_b, serial_ice_n,
          ebering_dispersal_statue_hall
D:11:     layout_stronghold, uniq_fannar
D:12:     layout_grid_maze, serial_bayou_lagoon_b
D:13:     layout_basic, serial_glass, glass_columns_b, glass_columns_a,
          glass_columns_a, glass_columns_b, glass_columns_a, glass_columns_a,
          glass_columns_b, glass_columns_b, dreamdust_deal_with_the_devil
D:14:     layout_loops_ring, lightli_vaults_fourway_checkpoint,
          small_statue_alley_a, gammafunk_ghost_berserking_beasts,
          nicolae_elyvilon_temple_path
Temple:   eino_wide_crystal_templ
Lair:1:   layout_small_grid, ldierk_geyser
Lair:2:   layout_regular_city, nicolae_swamp_entry_spooky,
          guppyfry_snake_entry_island, st_stairs_5,
          chequers_serial_rivers_small_a, beast_lair_carwin_9
Lair:3:   layout_long_grid, nicolae_lair_grazing_beasts
          [nicolae_sub_lair_graze_edge, nicolae_sub_lair_graze_edge,
          nicolae_sub_lair_graze_edge, nicolae_sub_lair_graze_edge],
          lemuel_fruit_tree
Lair:4:   layout_roguey, serial_rivers, chequers_serial_rivers_micro_a,
          chequers_serial_rivers_micro_d, chequers_serial_rivers_micro_b,
          chequers_serial_rivers_small_3, chequers_serial_rivers_micro_b,
          chequers_serial_rivers_room_a
Lair:5:   due_jungle_book, layout_regular_city, minmay_slime_entry_pillars,
          fungi_pond_lemuel
Swamp:1:  layout_falls_marsh, hangedman_swamp_ruin_wall, swamp_pool2,
          nicolae_swamp_little_swirl
Swamp:2:  layout_basic_swamp, evilmike_swamp_ruin_rubble_2, swamp_pool4,
          worms_lemuel
Orc:1:    layout_caves, ebering_ghost_gozag, basic_altar, nooodl_orcs_dogs,
          uniq_nergalle
Orc:2:    kennysheep_orc_mage_school, layout_diamond_mine,
          portal_ice_cave_entry_imps

Skill      XL: |  1  2  3  4  5  6  7  8  9 10 11 12 13 14 15 16 17 |
---------------+----------------------------------------------------+-----
Throwing       | 2 3 4 5 6 7 8 9 |  9.6
Armour         | 1 2 3 4 6 7 9 10 11 12 13 | 13.9
Dodging        | 3 4 5 6 7 8 9 |  9.0
Axes           | 3 4 5 6 7 8 9 10 11 | 11.5
Fighting       | 3 4 5 6 7 8 9 12 13 16 17 | 17.0
Shields        | 6 8 9 10 | 10.8

Action                     |  1- 3 |  4- 6 |  7- 9 | 10-12 | 13-15 | 16-18 || total
---------------------------+-------+-------+-------+-------+-------+-------++-------
  Melee: War axe           |   128 |    90 |   299 |   218 |       |       ||   735
         Kick              |    19 |    21 |    98 |   114 |    56 |   116 ||   424
         Punch             |     1 |     1 |     5 |     5 |       |       ||    12
         Broad axe         |       |       |       |   202 |   135 |   285 ||   622
  Throw: Throwing net      |       |       |     5 |     3 |       |       ||     8
         Javelin           |       |       |       |    16 |       |       ||    16
 Invoke: Draw Destruction  |       |       |     3 |     5 |     2 |     7 ||    17
         Draw Summoning    |       |       |     2 |     2 |     1 |     3 ||     8
         Draw Escape       |       |       |       |     4 |       |     1 ||     5
  Evoke: Wand              |     1 |       |     5 |     7 |       |       ||    13
         Box of beasts     |       |       |     1 |       |       |       ||     1
    Use: Scroll            |     8 |     4 |     2 |    12 |     5 |     9 ||    40
         Potion            |     1 |       |       |     4 |     2 |     1 ||     8
   Stab: Held in net/web   |       |       |     3 |       |       |       ||     3
         Distracted        |       |       |       |     1 |       |     4 ||     5
         Petrified         |       |       |       |       |     3 |       ||     3
 Armour: Chain mail        |   123 |    55 |   174 |       |       |       ||   352
         Leather armour    |     5 |       |       |       |       |       ||     5
         Plate armour      |       |       |    66 |   364 |   100 |   240 ||   770
  Dodge: Dodged            |    83 |    43 |   181 |   191 |    43 |   100 ||   641
  Block: Kite shield       |       |       |       |   183 |   103 |   246 ||   532
         Reflection        |       |       |       |    25 |     1 |     2 ||    28

Table legend: (Time is in decaauts)
 A = Elapsed time spent in this place.
 B = Non-inter-level travel time spent in this place.
 C = Inter-level travel time spent in this place.
 D = Time resting spent in this place.
 E = Time spent auto-exploring this place.
 F = Levels seen in this place.
 G = Mean time per level.
                   A        B        C        D        E       F      G
               +--------+--------+--------+--------+--------+-----+--------+
         Total |  24464 |  22999 |   1465 |   4387 |  11027 |  26 |  940.9 |
       Dungeon |  15372 |  14507 |    865 |   3319 |   6723 |  14 | 1098.0 |
        Temple |     94 |     94 |      0 |      0 |     11 |   1 |   94.0 |
          Lair |   4761 |   4397 |    364 |    249 |   2731 |   5 |  952.2 |
         Swamp |   1363 |   1336 |     27 |    367 |    541 |   2 |  681.5 |
  Orcish Mines |   2262 |   2054 |    208 |    388 |    836 |   2 | 1131.0 |
       Ossuary |    277 |    277 |      0 |     64 |     94 |   1 |  277.0 |
      Ice Cave |    332 |    332 |      0 |      0 |     91 |   1 |  332.0 |
               +--------+--------+--------+--------+--------+-----+--------+

Top non-repeatable levels by time:
    D:10: 1826 daAuts
    D:11: 1728 daAuts
    D:14: 1469 daAuts
     D:9: 1435 daAuts
    D:12: 1395 daAuts
   Orc:1: 1363 daAuts
  Lair:5: 1202 daAuts
     D:1: 1175 daAuts
  Lair:2: 1132 daAuts
    D:13: 1107 daAuts
 Swamp:1: 971 daAuts
     D:6: 959 daAuts
  Lair:3: 919 daAuts
     D:7: 906 daAuts
   Orc:2: 898 daAuts
